 Dungeon Crawl Stone Soup version 0.27-a0-13-g87abb2d9eb (webtiles) character file.

Game seed: 15199765577660242420

21 funkygono the Gusty (level 2, 0/20 HPs)
             Began as a Draconian Air Elementalist on Jan 2, 2021.
             Slain by a gnoll
             ... wielding a +0 spear
              (4 damage)
             ... on level 2 of the Dungeon.
             The game lasted 00:02:07 (1087 turns).

funkygono the Gusty (Draconian Air Elementalist)    Turns: 1087, Time: 00:02:08

Health: 0/20       AC:  4    Str: 10    XL:     2   Next: 65%
Magic:  1/5        EV: 12    Int: 15    God:
Gold:   52         SH:  0    Dex: 11    Spells: 2/5 levels left

rFire    x . .     SeeInvis .   a - +0 club
rCold    + . .     Faith    .   (no shield)
rNeg     . . .     Spirit   .   (armour unavailable)
rPois    .         Reflect  .   (helmet restricted)
rElec    .         Harm     .   (no cloak)
rCorr    +         Rampage  .   (no gloves)
Will     .....                  (no boots)
Stlth    ++........             (no amulet)
HPRegen  0.06/turn              c - ring of ice
MPRegen  0.09/turn              e - ring of resist corrosion

@: no status effects
A: unfitting armour, cold-blooded, AC +4
a: no special abilities


You were on level 2 of the Dungeon.
You visited 1 branch of the dungeon, and saw 2 of its levels.

You collected 52 gold pieces.

Inventory:

Hand Weapons
 a - a +0 club (weapon)
 f - a +0 dagger
Missiles
 b - a stone
Jewellery
 c - a ring of ice (left hand)
 e - a ring of resist corrosion (right hand)
Scrolls
 h - a scroll of identify
Potions
 d - a potion of brilliance
 g - 3 potions of curing
 i - a potion of invisibility


   Skills:
 * Level 1.8 Dodging
 + Level 1.9 Stealth
 * Level 2.2 Spellcasting
 * Level 1.2 Conjurations
 * Level 3.5 Air Magic


You had 2 spell levels left.
You knew the following spells:

 Your Spells              Type           Power        Failure   Level
a - Shock                 Conj/Air       32%          9%          1
b - Swiftness             Air            12%          8%          2

Your spell library contained the following spells:

 Spells                   Type           Power        Failure   Level
 Static Discharge         Conj/Air       8%           24%         3
 Airstrike                Air            6%           45%         4
 Lightning Bolt           Conj/Air       4%           92%         5


Dungeon Overview and Level Annotations

Branches:
Dungeon (2/15)

Altars:


Innate Abilities, Weirdness & Mutations

Your plain brown scales are hard. (AC +4)
You cannot fit into any form of body armour.
You are cold-blooded and may be slowed by cold attacks.


Message History

Casting: Shock (safe; 9% risk of failure)
Confirm with . or Enter, or press ? or * to list all spells.
Aiming: Shock (safe; 9% risk of failure)
Press: ? - help, Shift-Dir - straight line, f/p - gnoll
Aim: a gnoll, wielding a +0 spear and quivering 15 stones (moderately wounded, 28% to evade)
The zap hits the gnoll.
The gnoll is moderately wounded.
The zap hits the gnoll.
The gnoll is heavily wounded.
The zap hits the giant cockroach.
You kill the giant cockroach!
The zap hits the frilled lizard.
The frilled lizard is heavily wounded.
The zap hits the gnoll.
The gnoll is lightly wounded.
The gnoll misses you. The gnoll barely misses you.
b - a stone The gnoll misses you.
The gnoll hits you from afar with a +0 spear.
You die...

.##
.....######..#
...†lgg@.....#
...#g######.!#


You could see 3 gnolls and a frilled lizard.

Vanquished Creatures
  2 bats (D:1)
  2 giant cockroaches
  4 goblins
  A hobgoblin (D:1)
  2 jackals (D:1)
  2 frilled lizards (D:1)
  3 kobolds (D:1)
  3 rats (D:1)
19 creatures vanquished.

Notes
Turn   | Place    | Note
-------+----------+-------------------------------------------
     0 | D:1      | funkygono the Draconian Air Elementalist began the quest
                  | for the Orb.
     0 | D:1      | Reached XP level 1. HP: 14/14 MP: 3/3
   357 | D:1      | Reached XP level 2. HP: 20/20 MP: 3/5
   360 | D:1      | Learned a level 2 spell: Swiftness
  1087 | D:2      | Slain by a gnoll

Illustrated notes

Levels and vault maps discovered:
D:1:      nicolae_arrival_washed_ashore, layout_basic, hex_medium
D:2:      layout_loops_ring

Action                   || total
-------------------------++-------
Melee: Unarmed           ||     9
       Club              ||     7
       Tailslap          ||     2
 Cast: Shock             ||    33
  Use: Scroll            ||     7
Armor: Skin              ||    11
Dodge: Dodged            ||    26

Table legend: (Time is in decaauts)
 A = Elapsed time spent in this place.
 B = Non-inter-level travel time spent in this place.
 C = Inter-level travel time spent in this place.
 D = Time resting spent in this place.
 E = Time spent auto-exploring this place.
 F = Levels seen in this place.
 G = Mean time per level.
                   A        B        C        D        E       F      G
               +--------+--------+--------+--------+--------+-----+--------+
         Total |   1087 |   1068 |     19 |      0 |    932 |   2 |  543.5 |
       Dungeon |   1087 |   1068 |     19 |      0 |    932 |   2 |  543.5 |
               +--------+--------+--------+--------+--------+-----+--------+

Top non-repeatable levels by time:
     D:1: 1056 daAuts
     D:2: 30 daAuts
